 Dungeon Crawl Stone Soup version 0.31-a0-1574-g5526595cd0 (webtiles) character file.

Game seed: 5394924069890402497

18 LydaLydish the Chopper (level 2, -1/24 HPs)
             Began as a Human Berserker on Jan 4, 2024.
             Was a Follower of Trog.
             Slain by a gnoll
             ... wielding a +0 flail
              (11 damage)
             ... on level 2 of the Dungeon.
             The game lasted 00:08:06 (788 turns).

LydaLydish the Chopper (Human Berserker)             Turns: 788, Time: 00:08:06

Health: -1/24      AC:  6    Str: 17    XL:     2   Next: 70%
Magic:  2/2        EV: 10    Int:  7    God:    Trog [*.....]
Gold:   95         SH:  0    Dex: 12    Spells: 1/1 levels left

rFire   . . .        a - +0 hand axe
rCold   . . .        (no shield)
rNeg    . . .        i - +0 scale mail
rPois   .            (no helmet)
rElec   .            (no cloak)
rCorr   .            (no gloves)
SInv    .            (no boots)
Will    .....        (no amulet) Stlth
                     (no ring)
HPRegen 0.24/turn    (no ring)
MPRegen 0.08/turn

%: no passive effects
@: no status effects
A: explore regen
a: Renounce Religion, Berserk


You were on level 2 of the Dungeon.
You worshipped Trog.
Trog was aware of your devotion.
You visited 1 branch of the dungeon, and saw 2 of its levels.

You collected 95 gold pieces.

Inventory:

Hand Weapons
 a - a +0 hand axe (weapon)
 h - a +0 hand axe
Missiles
 b - 4 atropa-tipped darts
Armour
 i - a +0 scale mail (worn)
Talismans
 c - a serpent talisman
Potions
 d - a potion of degeneration
 e - a potion of attraction {unknown}
 f - a potion of curing {unknown}
 g - a potion of mutation {unknown}
 j - a potion of enlightenment {unknown}


   Skills:
 + Level 3.2 Fighting
 + Level 3.6 Axes
 + Level 2.1 Armour
 + Level 2.0 Dodging


You had one spell level left.
You didn't know any spells.
Your spell library was empty.

Dungeon Overview and Level Annotations

Branches:
Dungeon (2/15)

Altars:


Innate Abilities, Weirdness & Mutations

You regain HP and MP as you explore.


Message History

A kobold is nearby!
A kobold is nearby!
A kobold is nearby!
A kobold is nearby!
Unknown command.
Unknown command.
You hit the kobold.
You kill the kobold!
Trog accepts your kill.
Found a club.
Things that are here:
a +0 dagger; a kobold corpse
f - a sapphire potion You see here 4 stones.
Found 10 gold pieces.
Found an escape hatch in the ceiling.
A gnoll comes into view. It is wielding a +0 club.
Found 17 gold pieces and 8 stones.
Found an escape hatch in the floor.
The gnoll shouts!
You hear a shout!
A gnoll comes into view. It is wielding a +0 flail.
A gnoll comes into view. It is wielding a +0 halberd.
The gnoll shouts!
A gnoll comes into view. It is wielding a +0 flail.
You slash the gnoll!
The gnoll is severely wounded.
The gnoll hits you but does no damage.
You barely miss the gnoll.
The gnoll is severely wounded.
The gnoll hits you with a +0 club.
You barely miss the gnoll. You hit the gnoll.
You kill the gnoll!
Trog accepts your kill. The gnoll barely misses you.
The gnoll barely misses you. The gnoll hits you with a +0 flail.
You see here a +0 club.
You barely miss the gnoll.
The gnoll hits you from afar with a +0 halberd.
The gnoll closely misses you. The gnoll attacks as it pursues you!
The gnoll hits you with a +0 flail!
You die...

#........).......#
##...............##
#......[.........#
#................#####
######.#######.......####
#.##................
#######.##.####...........
..............###.........
#..$...gg@...># #.........
#.......g.....# #.....#...
#.(......$....# #.........
#..<..........# #.........
#.......##...## #.....#...
#........ .### ###..##...
#.################..######
#. #.................
#.########.######.


You could see 3 gnolls.

Vanquished Creatures
  A gnoll (D:2)
  A goblin (D:1)
  2 hobgoblins (D:1)
  3 ball pythons (D:1)
  A frilled lizard (D:1)
  A kobold (D:2)
  2 rats (D:1)
11 creatures vanquished.

Notes
Turn   | Place    | Note
-------+----------+-------------------------------------------
     0 | D:1      | LydaLydish the Human Berserker began the quest for the Orb.
     0 | D:1      | Reached XP level 1. HP: 18/18 MP: 1/1
   169 | D:1      | Found a faded altar of an unknown god.
   422 | D:1      | Reached XP level 2. HP: 22/24 MP: 2/2
   788 | D:2      | Slain by a gnoll

Illustrated notes

Levels and vault maps discovered:
D:1:      dpeg_arrival_renting, layout_rooms,
          shapermc_ecumenical_altar_acropolis
D:2:      layout_basic, grunt_ministairs_13, minmay_misc_feat_hallway,
          serial_bayou_pond_e, uniq_crazy_yiuf_cottage, uniq_natasha

Action                     || total
---------------------------++-------
  Melee: Hand axe          ||    22
    Use: Scroll            ||     2
 Armour: Leather armour    ||     5
         Animal skin       ||     2
         Scale mail        ||     5
  Dodge: Dodged            ||    11

Table legend: (Time is in decaauts)
 A = Elapsed time spent in this place.
 B = Non-inter-level travel time spent in this place.
 C = Inter-level travel time spent in this place.
 D = Time resting spent in this place.
 E = Time spent auto-exploring this place.
 F = Levels seen in this place.
 G = Mean time per level.
                   A        B        C        D        E       F      G
               +--------+--------+--------+--------+--------+-----+--------+
         Total |    790 |    788 |      2 |    200 |    322 |   2 |  395.0 |
       Dungeon |    790 |    788 |      2 |    200 |    322 |   2 |  395.0 |
               +--------+--------+--------+--------+--------+-----+--------+

Top non-repeatable levels by time:
     D:1: 670 daAuts
     D:2: 119 daAuts
